AoeStats
← Joaquito

Arena

507666850Analyzed
3v3 RM · 12d ago on Sep 19, 2026· 50m 46s· 6 players
Game mode
Random Map
Map size
Normal (6 player)
Population
200
Speed
Normal
Resources
Standard
Victory
Conquest
Starting age
Dark Age
Ending age
Imperial Age
RankedLock teamsTeams togetherTeam positionsShared explorationLock speedFull tech treeHidden civsTurbo modeCheats
Victory
Defeat
🇮🇳 Teutons · India
1258
+12
🇮🇳 Tatars · India
1247
+12
🇦🇺 Franks · Australia
1193
+15
🇦🇷 Celts · Argentina
1234
-16
🇨🇱 Ethiopians · Chile
1147
-12
🇨🇱 Cumans · Chile
1123
-11
Joaquito
7:00 Loom
9:14 Feudal Age
13:36 Double-Bit Axe
16:50 Padded Archer Armor
16:54 Fletching
22:43 Castle Age
21:55 Padded Archer Armor
22:37 Gold Mining
22:44 Crossbowman
24:06 Bodkin Arrow
27:44 Gold Shaft Mining
27:36 Leather Archer Armor
34:36 Ballistics
36:23 Stone Mining
37:08 Thumb Ring
37:36 Thumb Ring
37:53 Forging
39:38 Bow Saw
45:08 Wheelbarrow
46:17 Hand Cart
49:19 Imperial Age
49:58 Arbalester
cacadecaca38
8:31 Loom
11:43 Feudal Age
14:21 Double-Bit Axe
25:50 Castle Age
24:30 Gold Mining
24:21 Horse Collar
26:02 Capped Ram
30:19 Wheelbarrow
30:36 Gold Shaft Mining
31:58 Hand Cart
33:26 Bow Saw
33:21 Heavy Plow
36:35 Scale Barding Armor
36:41 Forging
36:46 Bloodlines
38:03 Chain Barding Armor
41:51 Iron Casting
43:18 Caravan
Federati
10:12 Feudal Age
11:07 Horse Collar
11:17 Double-Bit Axe
14:25 Man-at-Arms
15:57 Scale Mail Armor
17:30 Forging
25:09 Wheelbarrow
27:36 Castle Age
29:18 Bow Saw
28:39 Long Swordsman
29:05 Gambesons
30:08 Hand Cart
30:26 Chain Mail Armor
32:41 Iron Casting
33:36 Arson
34:41 Pikeman
E.A.G.L.E
11:13 Feudal Age
15:23 Castle Age
14:03 Double-Bit Axe
15:53 Forging
21:13 Wheelbarrow
20:50 Town Watch
21:35 Bow Saw
24:10 Husbandry
40:47 Loom
41:19 Hand Cart
45:28 Scale Barding Armor
45:59 Iron Casting
49:01 Imperial Age
47:24 Chain Barding Armor
50:24 Plate Barding Armor
50:12 Cavalier
PaikSiegePush
5:13 Loom
10:33 Feudal Age
12:05 Double-Bit Axe
13:32 Horse Collar
16:08 Scale Barding Armor
16:30 Bloodlines
24:29 Castle Age
23:53 Stone Mining
26:51 Chain Barding Armor
27:20 Town Watch
27:55 Bow Saw
34:35 Silk Armor
38:12 Wheelbarrow
38:27 Forging
38:27 Gold Mining
38:41 Heavy Plow
42:59 Murder Holes
43:25 Ballistics
44:16 Iron Casting
47:14 Imperial Age
46:10 Gold Shaft Mining
48:32 Plate Barding Armor
47:20 Elite Keshik
48:57 Conscription
49:56 Blast Furnace
49:26 Fletching
Anath3mA
10:30 Feudal Age
11:59 Loom
14:42 Castle Age
14:18 Double-Bit Axe
15:46 Bow Saw
16:03 Horse Collar
24:25 Wheelbarrow
27:01 Fletching
28:16 Hand Cart
31:24 Imperial Age
29:25 Bloodlines
29:24 Scale Barding Armor
30:24 Chain Barding Armor
30:18 Heavy Plow
30:48 Forging
32:20 Cavalier
34:17 Plate Barding Armor
34:17 Iron Casting
37:09 Conscription
38:38 Blast Furnace
38:53 Crenellations
37:54 Elite Teutonic Knight
38:40 Scale Mail Armor
39:52 Hoardings
40:12 Chain Mail Armor
40:35 Bodkin Arrow
42:31 Chemistry
41:51 Ballistics
42:59 Plate Mail Armor
42:54 Ballistics
42:44 Masonry
42:55 Squires
42:40 Arson
43:43 Ironclad
45:19 Siege Engineers
46:33 Two-Man Saw
46:08 Crop Rotation
49:37 Bombard Tower
Connection lost

Rejoining the realm…

Still unreachable

The connection could not be restored.

Session expired

The server has moved on; the page needs a fresh start.